 Dungeon Crawl Stone Soup version 0.32-a0-900-g30fb1b0edc (webtiles) character file.

Game seed: 14056430596206267689

1375 Shayle the Chopper (level 8, 0/73 HPs)
             Began as a Mountain Dwarf Monk on Apr 5, 2024.
             Was a Priest of Beogh.
             Slain by Gorbash the orc apostle
             ... wielding a +5 antimagic halberd
              (19 damage)
             ... on level 6 of the Dungeon.
             The game lasted 00:16:44 (4324 turns).

Shayle the Chopper (Mountain Dwarf Monk)            Turns: 4324, Time: 00:16:44

Health: 0/73       AC: 12    Str: 25    XL:     8   Next: 39%
Magic:  0/11       EV: 10    Int: 18    God:    Beogh [***...]
Gold:   413        SH:  0    Dex: 12    Spells: 7/7 levels left

rFire   x . .        l - +6 dagger "Xom's Wantonness" {venom, rF- Str+6 Int+4 Dex+3}
rCold   . . .        d - orb {light}
rNeg    . . .        h - +5 ring mail of the Bulwark {Str+3 Int+3 Dex-3}
rPois   .            (no helmet)
rElec   .            k - +0 cloak
rCorr   .            (no gloves)
SInv    .            (no boots)
Will    .....        (no amulet)
Stlth   +            (no ring)
HPRegen 0.32/turn    (no ring)
MPRegen 0.12/turn

%: no passive effects
@: glowing
A: runic magic, artefact enchanting
a: Renounce Religion, Smiting, Recall Apostles, Dismiss Orkidu, wizard


You were on level 6 of the Dungeon.
You worshipped Beogh.
Beogh was most pleased with you.
You visited 1 branch of the dungeon, and saw 6 of its levels.

You collected 413 gold pieces.

Inventory:

Hand Weapons
 a - a +0 hand axe
 j - a +2 whip of electrocution
 l - the +6 dagger "Xom's Wantonness" (weapon) {venom, rF- Str+6 Int+4 Dex+3}
   (You found it on level 3 of the Dungeon)

   Str+6:     It affects your strength (+6).
   Int+4:     It affects your intelligence (+4).
   Dex+3:     It affects your dexterity (+3).
   rF-:       It makes you vulnerable to fire.
 z - a +3 sling
Armour
 b - a +0 robe
 d - an orb of light (worn)
 h - the +5 ring mail of the Bulwark (worn) {Str+3 Int+3 Dex-3}
   (You found it on level 2 of the Dungeon)

   Str+3:     It affects your strength (+3).
   Int+3:     It affects your intelligence (+3).
   Dex-3:     It affects your dexterity (-3).
 k - a +0 cloak (worn)
Jewellery
 e - a ring of protection from cold
 u - an amulet of magic regeneration
Wands
 t - a wand of charming (8)
 v - a wand of quicksilver (3)
Scrolls
 g - 8 scrolls of revelation
 n - a scroll of blinking {unknown}
 p - a scroll of vulnerability
 s - 2 scrolls of amnesia
 w - a scroll of identify
 x - a scroll of brand weapon {unknown}
 y - a scroll of immolation
Potions
 f - 3 potions of mutation
 m - a potion of haste {unknown}
 o - a potion of curing
 q - 2 potions of might {unknown}
 r - 4 potions of attraction {unknown}


   Skills:
 + Level 7.0 Fighting
 + Level 7.6 Axes
 + Level 5.8 Armour
 - Level 2.1 Dodging
 + Level 4.5 Invocations


You had 7 spell levels left.
You didn't know any spells.
Your spell library contained the following spells:

 Spells                   Type           Power      Damage    Failure   Level
 Apportation              Tloc           0%         N/A       24%         1
 Magic Dart               Conj           0%         1d3       24%         1
 Necrotise                Necr           0%         1d4       24%         1
 Sting                    Conj/Alch      0%         1d3       24%         1
 Summon Small Mammal      Summ           0%         N/A       24%         1
 Lesser Beckoning         Tloc           0%         N/A       34%         2
 Mercury Vapours          Alch/Air       0%         N/A       34%         2
 Searing Ray              Conj           0%         2d4       34%         2
 Dazzling Flash           Conj/Hex       0%         N/A       56%         3
 Maxwell's Portable Pile  Tloc           0%         2d(5-13)  56%         3
 Teleport Other           Tloc           0%         N/A       56%         3
 Fulminant Prism          Conj/Alch      0%         3d5       93%         4
 Olgreb's Toxic Radiance  Alch           0%         N/A       93%         4
 Arcjolt                  Conj/Air       0%         1d10      100%        5
 Starburst                Conj/Fire      0%         6d3       100%        6
 Maxwell's Capacitive Co  Air            0%         ∞         100%        8


Dungeon Overview and Level Annotations

Branches:
Dungeon (6/15)
 Temple: D:4-7

Altars:
Fedhas
Kikubaaqudgha
Okawaru
Qazlal
Vehumet


Innate Abilities, Weirdness & Mutations

Your facial features look somewhat orcish.
Your spellcasting is much less encumbered by armour.
You can use scrolls of enchantment on lesser artefacts.


Message History

You hit Gorbash but do no damage.
Gorbash looks as sick as possible!
Gorbash is moderately wounded.
Gorbash closely misses you.
You closely miss Gorbash.
Gorbash is moderately wounded.
Gorbash completely misses you.
Aiming: Quicksilver Bolt
Press: ? - help, Shift-Dir - straight line, f/p - Gorbash
Aim: Gorbash the orc apostle, wielding a +5 antimagic halberd and wearing a +3 scale mail (moderately wounded, extremely poisoned, empowered by the touch of Beogh, target of orcish vengeance, haloed, 76% to hit)
The bolt of dispelling energy hits Gorbash!
Gorbash is heavily wounded.
Gorbash hits you with a +5 antimagic halberd!
You feel your power leaking away.
Aiming: Quicksilver Bolt
Press: ? - help, Shift-Dir - straight line, f/p - Gorbash
Aim: Gorbash the orc apostle, wielding a +5 antimagic halberd and wearing a +3 scale mail (heavily wounded, extremely poisoned, empowered by the touch of Beogh, target of orcish vengeance, haloed, 76% to hit)
The bolt of dispelling energy hits Gorbash!
Gorbash is severely wounded.
Gorbash closely misses you.
Aiming: Quicksilver Bolt
Press: ? - help, Shift-Dir - straight line, f/p - Gorbash
Aim: Gorbash the orc apostle, wielding a +5 antimagic halberd and wearing a +3 scale mail (severely wounded, extremely poisoned, empowered by the touch of Beogh, target of orcish vengeance, haloed, 76% to hit)
The bolt of dispelling energy hits Gorbash.
Gorbash is severely wounded.
Gorbash hits you with a +5 antimagic halberd!
* * * LOW HITPOINT WARNING * * *
Aiming: Quicksilver Bolt
Press: ? - help, Shift-Dir - straight line, f/p - Gorbash
Aim: Gorbash the orc apostle, wielding a +5 antimagic halberd and wearing a +3 scale mail (severely wounded, very poisoned, empowered by the touch of Beogh, target of orcish vengeance, haloed, 76% to hit)
The bolt of dispelling energy hits Gorbash!
Gorbash is almost dead.
Gorbash closely misses you.
Aiming: Quicksilver Bolt
Press: ? - help, Shift-Dir - straight line, f/p - Gorbash
Aim: Gorbash the orc apostle, wielding a +5 antimagic halberd and wearing a +3 scale mail (almost dead, very poisoned, empowered by the touch of Beogh, target of orcish vengeance, haloed, 76% to hit)
The bolt of dispelling energy hits Gorbash.
Gorbash is almost dead.
Gorbash hits you with a +5 antimagic halberd!!
You die...
Beogh appreciates Gorbash's killing of a heretic priest.

. . S~ ##### ####
########...# ...##
##......#.o.#
....###.......#.@)#
.....#........##)##
.....#..........)#
.....'...........#
.....#...........#
.....#........##)##
....###.......#)))#
...## ##.....)#...#
#### ########...#


You could see Gorbash the orc apostle (very poisoned, divinely empowered, target
of vengeance).

Vanquished Creatures
  3 ice beasts
  A black bear (D:4)
  An orc warrior (D:6)
  2 ogres
  A scorpion (D:4)
  3 bombardier beetles
  A jelly (D:5)
  An orc priest (D:6)
  Crazy Yiuf (D:5)
  A hound (D:4)
  3 iguanas
  4 orc wizards (D:6)
  6 gnolls
  2 adders
  A dart slug (D:3)
  5 ribbon worms
  7 orcs
  9 bats
  13 endoplasms
  5 giant cockroaches
  31 goblins
  23 hobgoblins
  2 jackals (D:2)
  7 kobolds
  2 quokkas
  6 ball pythons
  3 frilled lizards
  6 rats
150 creatures vanquished.

Vanquished Creatures (collateral kills)
  A hound (D:6)
  2 gnolls (D:6)
  5 goblins (D:6)
  4 hobgoblins (D:6)
  A kobold (D:6)
13 creatures vanquished.

Vanquished Creatures (others)
  An orc apostle (D:6)
  A human (D:5)
  An orc (D:6)
  41 foxfires (D:6)
44 creatures vanquished.

Grand Total: 207 creatures vanquished

Notes
Turn   | Place    | Note
-------+----------+-------------------------------------------
     0 | D:1      | Shayle the Mountain Dwarf Monk began the quest for the Orb.
     0 | D:1      | Reached XP level 1. HP: 19/19 MP: 1/1
   148 | D:1      | Reached XP level 2. HP: 26/26 MP: 2/2
   166 | D:1      | Reached skill level 1 in Armour
   631 | D:2      | Reached XP level 3. HP: 14/33 MP: 3/3
   837 | D:2      | Identified the +5 ring mail of the Bulwark {Str+3 Int+3
                  | Dex-3}
  1198 | D:3      | Reached XP level 4. HP: 26/40 MP: 4/4
  1379 | D:3      | Found a faded altar of an unknown god.
  1387 | D:3      | Identified the +5 dagger "Xom's Wantonness" {venom, rF-
                  | Str+6 Int+4 Dex+3}
  1805 | D:4      | Noticed a black bear
  1817 | D:4      | Killed a black bear
  1818 | D:4      | Reached skill level 5 in Axes
  1818 | D:4      | Reached XP level 5. HP: 27/47 MP: 5/5
  1823 | D:4      | Reached skill level 5 in Fighting
  1849 | D:4      | Reached XP level 6. HP: 36/56 MP: 6/6
  1949 | D:4      | Found a stormy altar of Qazlal.
  2283 | D:5      | Entered Level 5 of the Dungeon
  2343 | D:5      | Found a radiant altar of Vehumet.
  2344 | D:5      | Found an iron altar of Okawaru.
  2346 | D:5      | Found a blossoming altar of Fedhas.
  2396 | D:5      | Became a worshipper of Beogh the Shepherd
  2396 | D:5      | Reached * piety under Beogh
  2396 | D:5      | Reached ** piety under Beogh
  2515 | D:5      | Noticed an ice beast
  2600 | D:6      | Reached XP level 7. HP: 40/62 MP: 7/7
  2623 | D:5      | Reached skill level 1 in Invocations
  2921 | D:5      | Found an ancient bone altar of Kikubaaqudgha.
  2923 | D:5      | Noticed a human
  2924 | D:5      | Killed a human
  3086 | D:5      | Reached skill level 5 in Armour
  3373 | D:5      | Found a runed translucent door.
  3374 | D:5      | Noticed Crazy Yiuf
  3386 | D:5      | Killed Crazy Yiuf
  3752 | D:6      | Reached XP level 8. HP: 61/71 MP: 10/10
  3998 | D:6      | Reached *** piety under Beogh
  4049 | D:6      | Identified the +0 robe of Duty {rCorr Str+3 SInv Stlth+}
  4049 | D:6      | Noticed Orkidu
  4072 | D:6      | Anointed Orkidu the wizard as your apostle
  4267 | D:6      | Noticed Gorbash
  4286 | D:6      | Your ally Orkidu died
  4324 | D:6      | Slain by Gorbash the orc apostle

Illustrated notes

Levels and vault maps discovered:
D:1:      dpeg_arrival_windows_large_door, layout_rooms, minmay_quantized
D:2:      layout_basic, serial_rivers, chequers_serial_rivers_micro_e,
          chequers_serial_rivers_micro_d, chequers_serial_rivers_large_a,
          chequers_serial_rivers_micro_c, chequers_serial_rivers_micro_d,
          dreamdust_princess_corridor
D:3:      layout_rooms, chequers_ecumenical_altar_simple, minmay_pentangle
D:4:      layout_rooms, grunt_qazlal_clouds, kennysheep_generic_room_5
D:5:      layout_basic, tgw_kikubaaqudgha, grunt_temple_overflow_open,
          uniq_crazy_yiuf_cottage
D:6:      minmay_goblin_kobold_castle, layout_basic, billiards_dpeg

Skill      XL: |  1  2  3  4  5  6  7  8 |
---------------+-------------------------+-----
Armour         | 1 2 3 4 5 |  5.8
Axes           | 4 5 6 7 |  7.6
Fighting       | 4 5 6 7 |  7.0
Invocations    | 3 4 |  4.5
Dodging        | |  2.1

Action                     |  1- 3 |  4- 6 |  7- 9 || total
---------------------------+-------+-------+-------++-------
  Melee: Hand axe          |   149 |    21 |       ||   170
         Dagger            |       |    91 |   180 ||   271
         Unarmed           |       |    10 |       ||    10
 Invoke: Convert to Beogh  |       |     1 |       ||     1
         Recruit Apostle   |       |       |     1 ||     1
  Evoke: Wand              |       |       |    10 ||    10
    Use: Scroll            |     1 |     9 |     2 ||    12
         Potion            |     1 |       |     6 ||     7
 Armour: Robe              |    57 |       |       ||    57
         Ring mail         |    34 |    89 |   151 ||   274
  Dodge: Dodged            |    94 |    54 |   106 ||   254

Table legend: (Time is in decaauts)
 A = Elapsed time spent in this place.
 B = Non-inter-level travel time spent in this place.
 C = Inter-level travel time spent in this place.
 D = Time resting spent in this place.
 E = Time spent auto-exploring this place.
 F = Levels seen in this place.
 G = Mean time per level.
                   A        B        C        D        E       F      G
               +--------+--------+--------+--------+--------+-----+--------+
         Total |   4341 |   4272 |     69 |    291 |   2473 |   6 |  723.5 |
       Dungeon |   4341 |   4272 |     69 |    291 |   2473 |   6 |  723.5 |
               +--------+--------+--------+--------+--------+-----+--------+

Top non-repeatable levels by time:
     D:5: 1124 daAuts
     D:6: 917 daAuts
     D:2: 768 daAuts
     D:3: 600 daAuts
     D:4: 489 daAuts
     D:1: 441 daAuts
